 Dungeon Sprint DCSS version 0.30-a0-465-g8901f6c8b5 (webtiles) character file.

Game seed: 13209584885791051687

59 Darkkill the Cudgeller (level 3, -4/45 (46) HPs)
             Began as a Minotaur Wanderer on Dec 18, 2022.
             Slain by a necrophage (5 damage)
             ... in the Dungeon (Sprint II: "The Violet Keep of Menkaure").
             The game lasted 00:00:10 (14 turns).

Darkkill the Cudgeller (Minotaur Wanderer)            Turns: 14, Time: 00:00:11

HP:   -4/45 (46)    AC:  3    Str: 19    XL:     3   Next: 78%
MP:   3/6           EV: 12    Int:  9    God:
Gold: 0             SH:  0    Dex:  8    Spells: 6/7 levels left

rFire   . . .      SeeInvis .    a - +0 mace
rCold   . . .      Faith    .    (no shield)
rNeg    . . .      Spirit   .    e - +0 leather armour
rPois   .          Reflect  .    (helmet restricted)
rElec   .          Harm     .    (no cloak)
rCorr   .          Rampage  .    (no gloves)
Will    .....      NoTele   +    (no boots)
Stlth   ..........               (no amulet)
HPRegen 0.27/turn                (no ring)
MPRegen 0.10/turn                (no ring)

@: berserking (expiring), lightly drained, very quick
A: horns 2, retaliatory headbutt
a: no special abilities


You were in the Dungeon.
You visited 1 branch

Inventory:

Hand Weapons
 a - a +0 mace (weapon)
 c - a +0 dagger
Missiles
 b - 11 poisoned darts (quivered)
Armour
 e - a +0 leather armour (worn)
Scrolls
 d - 2 scrolls of blinking
Potions
 f - a potion of curing {@q1}
 g - a potion of heal wounds
 h - a potion of haste
 i - 2 potions of magic


   Skills:
 + Level 3.3 Fighting
 + Level 3.4 Maces & Flails
 + Level 2.7 Throwing
 + Level 3.4 Armour
 + Level 3.0 Dodging
 + Level 2.9 Spellcasting
 + Level 2.6 Evocations


You had 6 spell levels left.
You knew the following spells:

 Your Spells              Type           Power      Damage    Failure   Level
a - Foxfire               Conj/Fire      4%         2x1d4     34%         1

Your spell library contained the following spells:

 Spells                   Type           Power      Damage    Failure   Level
 Wereblood                Tmut           1%         N/A       47%         2
 Frozen Ramparts          Ice            2%         1d1       71%         3
 Summon Guardian Golem    Hex/Summ       1%         N/A       71%         3


Dungeon Overview and Level Annotations

Branches:
Dungeon (1/1)

Altars:


Innate Abilities, Weirdness & Mutations

You have a pair of horns on your head.
You reflexively headbutt those who attack you in melee.


Message History

Welcome, Darkkill the Minotaur Wanderer.
Press ? for a list of commands and other information.
Found a staircase leading out of the dungeon.
You begin with the following items: a +0 mace, 11 poisoned darts, a +0 dagger, 2 scrolls of blinking, a +0 leather armour, a potion of curing {@q1}, a potion of heal wounds, a potion of haste, 2 potions of magic, a potion of berserk rage; and the following spell memorised: Foxfire; and the following spells available to memorise: Wereblood, Frozen Ramparts, Summon Guardian Golem.
You open the door. 4 necrophages come into view.
There is a staircase leading out of the dungeon here.
A red film seems to cover your vision as you go berserk!
You feel yourself moving faster!
You feel mighty!
You thump the necrophage! Your headbutt misses the necrophage.
The necrophage is moderately damaged.
The necrophage hits you.
You feel drained.
You sock the necrophage! You headbutt the necrophage.
The necrophage is severely damaged.
You closely miss the necrophage. Your headbutt misses the necrophage.
The necrophage is severely damaged.
You barely miss the necrophage. Your headbutt misses the necrophage.
The necrophage misses you. You furiously retaliate!
You headbutt the necrophage. You sock the necrophage!
The necrophage is moderately damaged.
The necrophage hits you!
You feel drained. The necrophage hits you. The necrophage barely misses you.
You sock the necrophage!
The necrophage is almost destroyed.
The necrophage closely misses you. The necrophage hits you.
You feel drained. The necrophage hits you.
* * * LOW HITPOINT WARNING * * *
You sock the necrophage!
You destroy the necrophage!
The necrophage barely misses you. The necrophage closely misses you.
Your life force feels restored.
Your Fighting skill gained 2 levels and is now at level 3!
Your Maces & Flails skill gained 2 levels and is now at level 3!
Your Throwing skill increases to level 2!
Your Armour skill gained 2 levels and is now at level 3!
Your Dodging skill gained 2 levels and is now at level 3!
Your Evocations skill increases to level 2!
You have reached level 2!
You have reached level 3!
Your experience leads to an increase in your attributes!
Increase (S)trength, (I)ntelligence, or (D)exterity?
You feel agile. x2
You sock the necrophage! Your headbutt misses the necrophage.
The necrophage is heavily damaged.
The necrophage closely misses you.
The necrophage hits you but does no damage.
The necrophage barely misses you.
You barely miss the necrophage. The necrophage barely misses you.
The necrophage hits you.
* * * LOW HITPOINT WARNING * * *
The necrophage hits you.
* * * LOW HITPOINT WARNING * * *
You feel drained.
You barely miss the necrophage. Your punch misses the necrophage.
The necrophage is severely damaged.
You thump the necrophage!
The necrophage is almost destroyed.
The necrophage hits you.
* * * LOW HITPOINT WARNING * * *
The necrophage hits you.
You die... #+# ##.## +n@n+

##n##
#'#
.#.
.. ..
##.
.##
## ##


You could see 3 necrophages.

Vanquished Creatures
  A necrophage (D)
1 creature vanquished.

Notes
Turn   | Place    | Note
-------+----------+-------------------------------------------
     0 | D        | Darkkill the Minotaur Wanderer began the quest for the Orb.
     0 | D        | Darkkill set off with the following items: a +0 mace, 11
                  | poisoned darts, a +0 dagger, 2 scrolls of blinking, a +0
                  | leather armour, a potion of curing {@q1}, a potion of heal
                  | wounds, a potion of haste, 2 potions of magic, a potion of
                  | berserk rage; and the following spell memorised: Foxfire;
                  | and the following spells available to memorise: Wereblood,
                  | Frozen Ramparts, Summon Guardian Golem.
     0 | D        | Reached XP level 1. HP: 16/16 MP: 2/2
     1 | D        | Noticed a necrophage
     1 | D        | Noticed a necrophage
     1 | D        | Noticed a necrophage
     1 | D        | Noticed a necrophage
    10 | D        | Killed a necrophage
    11 | D        | Reached XP level 2. HP: 7/26 MP: 2/4
    11 | D        | Reached XP level 3. HP: 8/31 MP: 3/6
    12 | D        | HP: 8/46 [necrophage (1)]
    14 | D        | HP: 1/45 [necrophage (6)]
    14 | D        | Slain by a necrophage

Illustrated notes

Levels and vault maps discovered:
D:        the_violet_keep_of_menkaure [sprint2_stairs_cluster_1,
          sprint2_shoproom, sprint2_temple, sprint2_basic_supplies,
          sprint2_obstacle_7, sprint2_obstacle_5, sprint2_obstacle_2,
          sprint2_obstacle_6, sprint2_obstacle_4, sprint2_timed_cluster_1,
          sprint2_smallroom_cluster_1, sprint2_smallroom_final_cluster_1,
          sprint2_transparent_cluster_1, sprint2_second_timed_cluster_1,
          sprint2_sniper_area_1, sprint2_heavy_combat_area_1,
          sprint2_mutation_trap_area_1, sprint2_forest_area_1,
          sprint2_light_combat_area_1, sprint2_behind_water_1,
          sprint2_near_end_vault_1]

Skill      XL: |  1 |
---------------+----+-----
Fighting       | 3 |  3.3
Maces & Flails | 3 |  3.4
Throwing       | 2 |  2.7
Armour         | 3 |  3.4
Dodging        | 3 |  3.0
Evocations     | 2 |  2.6
Spellcasting   | |  2.9

Action                   || total
-------------------------++-------
Melee: Mace              ||    11
       Headbutt          ||     1
  Use: Potion            ||     1
Armor: Leather armour    ||     1
Dodge: Dodged            ||     8

Table legend: (Time is in decaauts)
 A = Elapsed time spent in this place.
 B = Non-inter-level travel time spent in this place.
 C = Inter-level travel time spent in this place.
 D = Time resting spent in this place.
 E = Time spent auto-exploring this place.
 F = Levels seen in this place.
 G = Mean time per level.
                   A        B        C        D        E       F      G
               +--------+--------+--------+--------+--------+-----+--------+
         Total |     12 |     12 |      0 |      0 |      0 |   1 |   12.0 |
       Dungeon |     12 |     12 |      0 |      0 |      0 |   1 |   12.0 |
               +--------+--------+--------+--------+--------+-----+--------+

Top non-repeatable levels by time:
       D: 12 daAuts

Table legend:
 A = Kills in this place as a percentage of kills in entire the game.
 B = Kills by you in this place as a percentage of kills by you in the entire game.
 C = Kills by friends in this place as a percentage of kills by friends in the entire game.
 D = Other kills in this place as a percentage of other kills in the entire game.
 E = Experience gained in this place as a percentage of experience gained in the entire game.
 F = Experience gained in this place divided by the number of levels of this place that you have seen.
                   A       B       C       D       E      F
               +-------+-------+-------+-------+-------+----------------------
         Total | 100.0 | 100.0 |   N/A |   N/A | 100.0 |  85.0
       Dungeon | 100.0 | 100.0 |   N/A |   N/A | 100.0 |  85.0
               +-------+-------+-------+-------+-------+----------------------
